 Dungeon Crawl Stone Soup version 0.25-a0-502-g6516661a7a (webtiles) character file.

Game seed: 9346813583218790317, levelgen mode: deterministic

814 MisterFreud the Ducker (level 7, -3/45 HPs)
             Began as an Octopode Gladiator on Feb 12, 2020.
             Slain by an ice beast (11 damage)
             ... on level 5 of the Dungeon.
             The game lasted 00:05:48 (4666 turns).

MisterFreud the Ducker (Octopode Gladiator)         Turns: 4666, Time: 00:05:49

Health: -3/45      AC:  1    Str: 17    XL:     7   Next: 93%
Magic:  7/7        EV: 17    Int: 12    God:
Gold:   177        SH:  0    Dex: 14    Spells: 6/6 levels left

rFire    . . .     SeeInvis +   a - +0 long sword
rCold    . . .     Gourm    .   (no shield)
rNeg     . . .     Faith    +   b - +0 hat
rPois    .         Spirit   .   t - amulet of faith
rElec    .         Reflect  .   q - ring of see invisible
rCorr    .         Harm     .   v - +4 ring of strength
MR       .....                  (no ring)
Stlth    ++........             (no ring)
HPRegen  0.15/turn              (no ring)
MPRegen  0.10/turn              (no ring)
                                (no ring)
                                (no ring)

@: no status effects
A: almost no armour, stealthy swim, amphibious, 8 rings, constrict 8, camouflage
1, gelatinous body 1
a: no special abilities


You were on level 5 of the Dungeon.
You were not hungry.

You visited 1 branch of the dungeon, and saw 5 of its levels.

You collected 177 gold pieces.

Inventory:

Hand Weapons
 a - a +0 long sword (weapon)
Missiles
 c - 3 throwing nets (quivered)
 e - 143 stones
 h - 46 arrows
 x - 14 poisoned darts
 A - 2 boomerangs
 C - 17 bolts
Armour
 b - a +0 hat (worn)
 z - a +0 kite shield
Jewellery
 q - a ring of see invisible (left tentacle)
 t - an amulet of faith (around mantle)
 u - an uncursed amulet of harm {unknown}
 v - a +4 ring of strength (right tentacle)
Scrolls
 f - 2 scrolls of fear {unknown}
 g - 8 scrolls of identify {unknown}
 i - 3 scrolls of enchant armour {unknown}
 n - a scroll of enchant weapon {unknown}
 o - 4 scrolls of fog {unknown}
 p - a scroll of random uselessness {unknown}
 r - 6 scrolls of remove curse {unknown}
 y - 2 scrolls of teleportation {unknown}
Potions
 j - a potion of degeneration {unknown}
 k - a potion of flight {unknown}
 l - a potion of curing {unknown}
 m - a potion of lignification {unknown}
 s - 2 potions of heal wounds {unknown}
 w - 3 potions of mutation {unknown}
Comestibles
 d - 11 rations
 B - 8 chunks of flesh


   Skills:
 - Level 2.0 Fighting
 - Level 6.0 Long Blades
 - Level 2.0 Throwing
 + Level 7.5 Dodging


You had 6 spell levels left.
You didn't know any spells.
Your spell library contained the following spells:

 Spells                   Type           Power        Failure   Level  Hunger
 Magic Dart               Conj           #...         32%         1    ##.....
 Blink                    Tloc           N/A          45%         2    ###....
 Call Imp                 Summ           #.......     45%         2    ###....
 Slow                     Hex            #.......     45%         2    ###....
 Conjure Flame            Conj/Fire      #.......     69%         3    ####...
 Mephitic Cloud           Conj/Pois/Air  #.......     69%         3    ####...


Dungeon Overview and Level Annotations

Branches:
Dungeon (5/15)
 Temple: D:4-7

Altars:
Fedhas
Kikubaaqudgha
Okawaru
Qazlal
Sif Muna
Trog
The Shining One


Innate Abilities, Weirdness & Mutations

You cannot wear most types of armour.
You are very stealthy in the water. (Stealth+)
You are amphibious.
You can wear up to eight rings at the same time.
You can use your tentacles to constrict eight enemies at once.
Your skin changes colour to match your surroundings (Stealth+).
Your rubbery body absorbs attacks. (AC +1, EV +1)


Message History

The ice beast is moderately wounded.
The ice beast misses you.
You hit the ice beast. You squeeze the ice beast!
The ice beast is severely wounded.
The ice beast hits you. The ice beast freezes you!
* * * LOW HITPOINT WARNING * * *
You barely miss the ice beast.
You squeeze the ice beast, but do no damage.
The ice beast is severely wounded.
The worker ant bites you.
* * * LOW HITPOINT WARNING * * *
The ice beast closely misses you.
You hit the ice beast.
You squeeze the ice beast, but do no damage.
The ice beast is almost dead.
The worker ant misses you.
You riposte.
You barely miss the worker ant. Your grab misses the worker ant.
The ice beast hits you.
* * * LOW HITPOINT WARNING * * *
The ice beast freezes you!
You die...

## ##.##.#.###.#..# ##.##
.###.....##...##..# #.# #
#.#.####.#######..# #.#
### # ##.## #.#######..#
#.###.## # #.# #..
......## #....#.# # #.#
######.....## #####.## #
#.# ##.......## ##.##.# #
#.#
##....a....####...#.####
#..
.'....Y@...'.W.........ยง
#.#
.#.........###....#.####
... ##....[!.## #.#.##.#
##.....## #.#....#
##...## #.#.##.# ....##
#......# ####. ###.####
#. #.# #.#


You could see a phantom, an ice beast and a worker ant.

Vanquished Creatures
  3 eyes of draining (D:3)
  An ogre (D:5)
  A bullfrog (D:5)
  2 scorpions
  An orc wizard (D:4)
  Jessica (D:2)
  A worker ant (D:4)
  A hound zombie (D:5)
  Robin (D:2)
  A gnoll (D:1)
  4 adders
  A shadow imp (D:5)
  2 oozes
  4 worms
  A dart slug (D:1)
  3 leopard geckos
  16 orcs
  11 bats
  4 giant cockroaches
  18 goblins
  9 hobgoblins
  6 jackals
  2 quokkas (D:4)
  9 frilled lizards
  6 kobolds (D:1)
  8 rats
117 creatures vanquished.

Notes
Turn   | Place    | Note
-------+----------+-------------------------------------------
     0 | D:1      | MisterFreud the Octopode Gladiator began the quest for the
                  | Orb.
     0 | D:1      | Reached XP level 1. HP: 14/14 MP: 1/1
   249 | D:1      | Reached XP level 2. HP: 12/19 MP: 2/2
   316 | D:1      | Reached XP level 3. HP: 5/24 MP: 3/3
  1560 | D:2      | Reached XP level 4. HP: 24/29 MP: 4/4
  1622 | D:2      | Noticed Robin
  1650 | D:2      | Killed Robin
  1650 | D:2      | Reached skill level 5 in Long Blades
  2300 | D:2      | Found a glowing golden altar of the Shining One.
  2371 | D:2      | Noticed Jessica
  2373 | D:2      | Killed Jessica
  2373 | D:2      | Reached XP level 5. HP: 32/34 MP: 5/5
  2725 | D:3      | Found a faded altar of an unknown god.
  2764 | D:3      | Found a blossoming altar of Fedhas.
  2767 | D:3      | Found a shimmering blue altar of Sif Muna.
  2822 | D:3      | Found an ancient bone altar of Kikubaaqudgha.
  3031 | D:3      | Found a bloodstained altar of Trog.
  3031 | D:3      | Noticed an eye of draining
  3031 | D:3      | Noticed an eye of draining
  3031 | D:3      | Noticed an eye of draining
  3047 | D:3      | Killed an eye of draining
  3047 | D:3      | Reached skill level 4 in Dodging
  3047 | D:3      | Reached XP level 6. HP: 38/39 MP: 0/6
  3053 | D:3      | Killed an eye of draining
  3053 | D:3      | Reached skill level 5 in Dodging
  3060 | D:3      | Killed an eye of draining
  3060 | D:3      | Reached XP level 7. HP: 45/45 MP: 0/7
  3125 | D:4      | Reached skill level 6 in Dodging
  3774 | D:4      | Found an iron altar of Okawaru.
  3857 | D:5      | Entered Level 5 of the Dungeon
  4133 | D:5      | Found a stormy altar of Qazlal.
  4135 | D:5      | Noticed a fire elemental
  4136 | D:5      | Noticed a water elemental
  4136 | D:5      | Noticed an air elemental
  4189 | D:5      | Reached skill level 7 in Dodging
  4666 | D:5      | Slain by an ice beast

Levels and vault maps discovered:
D:1:      scummos_arrival_gate, layout_basic, serial_bayou, serial_bayou_ford_a,
          serial_bayou_pond_d, serial_bayou_pond_e, serial_bayou_shore_a
D:2:      layout_basic, tso_altar, first_ration, uniq_robin, uniq_jessica
D:3:      layout_basic, trog_eyes_of_draining, lemuel_doored_altar,
          gammafunk_temple_overflow_statue, chequers_ecumenical_altar_simple
D:4:      layout_rooms, kennysheep_little_box, corner_web_ring
D:5:      layout_loops_corners, nicolae_qazlal_style_of_elements,
          chequers_serial_rivers_micro_d

Skill      XL: |  1  2  3  4  5  6  7 |
---------------+----------------------+-----
Long Blades    | 4 5 6 |  6.0
Dodging        | 4 5 7 |  7.5
Fighting       | |  2.0
Throwing       | |  2.0

Action                   |  1- 3 |  4- 6 |  7- 9 || total
-------------------------+-------+-------+-------++-------
Melee: Long sword        |    61 |    91 |    74 ||   226
       Constrict         |    20 |    30 |    19 ||    69
       Tentacles         |    11 |    24 |    17 ||    52
 Stab: Sleeping          |     5 |     3 |     3 ||    11
  Eat: Chunk             |     2 |     5 |     5 ||    12
Armor: Skin              |    12 |     8 |     2 ||    22
Dodge: Dodged            |    52 |    29 |    51 ||   132
       Rpst.: Long sword |    17 |    12 |    18 ||    47

Table legend:
 A = Non-vault XP
 B = Vault XP
 C = Vault XP percentage of total XP
 D = Non-vault monster count
 E = Vault monster count
 F = Vault count percentage of total count
                 A         B        C        D         E       F
            +---------+---------+-------+---------+---------+-------
      Total |     711 |     453 |  38.9 |      99 |      18 |  15.4
            +---------+---------+-------+---------+---------+-------
        D:1 |      69 |       0 |   0.0 |      31 |       0 |   0.0
        D:2 |      58 |      74 |  56.1 |      23 |      13 |  36.1
        D:3 |      60 |     379 |  86.3 |      17 |       5 |  22.7
        D:4 |     186 |       0 |   0.0 |      17 |       0 |   0.0
        D:5 |     338 |       0 |   0.0 |      11 |       0 |   0.0
            +---------+---------+-------+---------+---------+-------
